 Dungeon Crawl Stone Soup version 0.29.0-11-gd7f09526c8 (webtiles) character file.

Game seed: 3704793035116887210

25 pacmanke6689 the Magician (level 2, 0/21 HPs)
             Began as a Palentonga Hedge Wizard on Sept 6, 2022.
             Slain by Natasha (4 damage)
             ... on level 2 of the Dungeon.
             The game lasted 00:04:14 (1173 turns).

pacmanke6689 the Magician (Palentonga Hedge Wizard) Turns: 1173, Time: 00:04:15

Health: 0/21       AC:  4    Str: 15    XL:     2   Next: 86%
Magic:  6/6        EV:  9    Int: 14    God:
Gold:   38         SH:  0    Dex:  9    Spells: 5/8 levels left

rFire   . . .      SeeInvis +   a - +0 dagger
rCold   . . .      Faith    .   (no shield)
rNeg    . . .      Spirit   .   b - +0 robe
rPois   .          Reflect  .   c - +0 hat
rElec   .          Harm     .   (no cloak)
rCorr   .          Rampage  .   (no gloves)
Will    .....                   (no barding)
Stlth   +.........              (no amulet)
HPRegen 0.07/turn               (no ring)
MPRegen 0.10/turn               (no ring)

@: brilliant, attractive
A: large, rugged brown scales 3, see invisible, deformed body, roll 1, armoured
tail
a: Rolling Charge


You were on level 2 of the Dungeon.
You visited 1 branch of the dungeon, and saw 2 of its levels.

You collected 38 gold pieces.

Inventory:

Hand Weapons
 a - a +0 dagger (weapon)
Armour
 b - a +0 robe (worn)
 c - a +0 hat (worn)
Scrolls
 h - a scroll of noise
Potions
 d - a potion of magic


   Skills:
 + Level 0.5 Fighting
 + Level 0.2 Short Blades
 + Level 1.6 Dodging
 + Level 1.4 Stealth
 + Level 3.6 Spellcasting
 + Level 1.1 Conjurations
 + Level 0.7 Summonings
 + Level 1.0 Translocations


You had 5 spell levels left.
You knew the following spells:

 Your Spells              Type           Power      Damage    Failure   Level
a - Magic Dart            Conj           32%        1d4       13%         1
b - Call Imp              Summ           6%         N/A       22%         2

Your spell library contained the following spells:

 Spells                   Type           Power      Damage    Failure   Level
 Slow                     Hex            12%        N/A       21%         1
 Blink                    Tloc           16%        N/A       21%         2
 Conjure Flame            Conj/Fire      6%         6-21      43%         3
 Mephitic Cloud           Conj/Pois/Air  5%         N/A       45%         3


Dungeon Overview and Level Annotations

Branches:
Dungeon (1/15)

Altars:

Annotations:
D:2 Natasha


Innate Abilities, Weirdness & Mutations

You are completely covered in rugged brown scales. (AC +3, +7% HP)
You have supernaturally acute eyesight. (SInv)
Armour fits poorly on your strangely shaped body.
You can roll at nearby foes to attack.
You have a long armoured tail.


Message History

As you read the scroll labelled PULUTZEAQE, it crumbles to dust.
It is a scroll of identify.
h - a scroll of noise HP restored.
You see here the +4 scale mail of the Elven Halls {rF+ rN+}.
Found an escape hatch in the floor.
Found a rapier.
An endoplasm comes into view.
Found a spear.
The endoplasm quivers.
Natasha and a hobgoblin come into view.
The endoplasm misses you.
You hit the endoplasm but do no damage. You tail-slap the endoplasm.
The endoplasm is severely wounded.
The endoplasm hits you but does no damage.
You hit the endoplasm.
You kill the endoplasm!
The hobgoblin shouts!
Natasha hisses angrily.
Natasha howls an incantation.
Natasha's front paws start to glow.
You see here a +0 rapier.
You hit the hobgoblin but do no damage.
Your tail-slap misses the hobgoblin.
The hobgoblin hits you. Natasha claws you.
You hit the hobgoblin but do no damage. The hobgoblin closely misses you.
Natasha barely misses you.
You hit the hobgoblin but do no damage.
Your tail-slap misses the hobgoblin.
The hobgoblin hits you. Natasha claws you.
You closely miss the hobgoblin. The hobgoblin hits you.
* * * LOW HITPOINT WARNING * * *
Natasha claws you.
* * * LOW HITPOINT WARNING * * *
It was a potion of attraction.
You feel attractive to monsters.
The hobgoblin hits you but does no damage.
Natasha barely misses you.
It was a potion of brilliance.
You feel clever all of a sudden. The hobgoblin barely misses you.
Natasha claws you.
You die...

###.#### #...# #.# #...#
#.# #...# ####.###
#...######...>....
#######...#...##.#..#.##.
#....)...........#..#.##.
.......h............#....
#......g@........#..#.##.
#######...#...##.#..#.##.
#...######......... #...#
###..#.### #...# #..#.###
#.... #...[##. .....#
#.#####. #####.# #.#####.
#.##....


You could see Natasha and a hobgoblin.

Vanquished Creatures
  2 dart slugs (D:1)
  5 bats (D:1)
  2 endoplasms
  2 giant cockroaches (D:1)
  A goblin (D:1)
  2 hobgoblins (D:1)
  A ball python (D:1)
  2 frilled lizards
  3 kobolds
  A rat (D:2)
21 creatures vanquished.

Notes
Turn   | Place    | Note
-------+----------+-------------------------------------------
     0 | D:1      | pacmanke6689 the Palentonga Hedge Wizard began the quest
                  | for the Orb.
     0 | D:1      | Reached XP level 1. HP: 13/13 MP: 4/4
   201 | D:1      | Reached skill level 1 in Conjurations
   452 | D:1      | Reached XP level 2. HP: 20/20 MP: 3/6
   837 | D:1      | Learned a level 2 spell: Call Imp
   947 | D:1      | You fall into a shaft and drop 1 floor!
  1147 | D:2      | Identified the +4 scale mail of the Elven Halls {rF+ rN+}
  1161 | D:2      | Noticed Natasha
  1173 | D:2      | Slain by Natasha

Illustrated notes

Levels and vault maps discovered:
D:1:      psy_arrival_radial02, layout_basic, minmay_rat_gold_closets
D:2:      layout_loops_cross, uniq_natasha

Skill      XL: |  1 |
---------------+----+-----
Conjurations   | 1 |  1.1
Fighting       | |  0.5
Short Blades   | |  0.2
Dodging        | |  1.6
Stealth        | |  1.4
Spellcasting   | |  3.6
Summonings     | |  0.7
Translocations | |  1.0

Action                   || total
-------------------------++-------
Melee: Dagger            ||    76
       Tailslap          ||     5
 Cast: Magic Dart        ||    42
  Use: Potion            ||     2
       Scroll            ||     1
Armor: Robe              ||    53
Dodge: Dodged            ||    56
